 Dungeon Crawl Stone Soup version 0.26.1-11-gd32895ea62 (webtiles) character file.

Game seed: 17200680080046552939

119 nothank2 the Skirmisher (level 5, -1/34 HPs)
             Began as a Gargoyle Fighter on July 12, 2021.
             Slain by a wight
             ... wielding a +4 trident of freezing
              (2 damage)
             ... on level 2 of the Dungeon.
             The game lasted 00:02:38 (1684 turns).

nothank2 the Skirmisher (Gargoyle Fighter)          Turns: 1684, Time: 00:02:38

Health: -1/34      AC: 10    Str: 20    XL:     5   Next: 3%
Magic:  14/14      EV:  7    Int:  9    God:
Gold:   45         SH:  9    Dex:  9    Spells: 4/4 levels left

rFire    . . .     SeeInvis .   a - +0 flail
rCold    . . .     Faith    .   c - +0 kite shield
rNeg     + . .     Spirit   .   b - +0 scale mail
rPois    ∞         Reflect  .   (no helmet)
rElec    +         Harm     .   (no cloak)
rCorr    .         Rampage  .   (no gloves)
Will     .....                  (no boots)
Stlth    ..........             (no amulet)
HPRegen  0.11/turn              f - ring of magical power
MPRegen  0.14/turn              (no ring)

@: no status effects
A: negative energy resistance 1, electricity resistance, unbreathing,
petrification resistance, miasma immunity, AC +4
a: no special abilities


You were on level 2 of the Dungeon.
You visited 1 branch of the dungeon, and saw 2 of its levels.

You collected 45 gold pieces.

Inventory:

Hand Weapons
 a - a +0 flail (weapon)
Armour
 b - a +0 scale mail (worn)
 c - a +0 kite shield (worn)
Jewellery
 f - a ring of magical power (left hand)
Scrolls
 g - a scroll of immolation {unknown}
 i - 2 scrolls of remove curse {unknown}
Potions
 d - a potion of might
 e - a potion of ambrosia {unknown}
 h - a potion of berserk rage


   Skills:
 + Level 4.4 Fighting
 * Level 4.2 Maces & Flails
 - Level 3.2 Armour
 - Level 3.2 Shields


You had 4 spell levels left.
You didn't know any spells.
Your spell library was empty.

Dungeon Overview and Level Annotations

Branches:
Dungeon (2/15)

Altars:


Innate Abilities, Weirdness & Mutations

You are resistant to torment.
Your stone body is resilient. (AC +4)
You are immune to poison.
You resist negative energy. (rN+)
You are resistant to electric shocks. (rElec)
You can survive without breathing.
You are immune to petrification.
You are immune to miasma.


Message History

The wight freezes you. You block the wight's attack.
You barely miss the wight. The bat hits you but does no damage.
The wight hits you with a +4 trident of freezing.
* * * LOW HITPOINT WARNING * * *
The wight freezes you.
* * * LOW HITPOINT WARNING * * *
You hit the wight.
The wight is lightly damaged.
The bat hits you.
* * * LOW HITPOINT WARNING * * *
The bat barely misses you.
The wight hits you with a +4 trident of freezing.
* * * LOW HITPOINT WARNING * * *
The wight freezes you.
* * * LOW HITPOINT WARNING * * *
You miss the bat. The bat closely misses you.
The wight hits you with a +4 trident of freezing.
* * * LOW HITPOINT WARNING * * *
The wight freezes you.
You die...

#####.. #..)...
#.###.. ##.###.. # #
###...###. #.###
#.##.......#. ...
#............
#.##########.......##
#.[<@zz............#
#..#########z......#
#..#########.......#
#.(##..............#
#...(...####.###.###
##.##.#.# #.# #.#
#.##.#.# #.###.####
#.##.#.# #.##......
#.##.#.####.#.#.#>##


You could see 2 wights.

Vanquished Creatures
  2 wights (D:2)
  2 adders
  2 dart slugs (D:1)
  A giant cockroach (D:1)
  2 goblins (D:1)
  2 hobgoblins
  2 kobolds (D:2)
  3 bats
  2 frilled lizards
  4 rats (D:1)
22 creatures vanquished.

Notes
Turn   | Place    | Note
-------+----------+-------------------------------------------
     0 | D:1      | nothank2 the Gargoyle Fighter began the quest for the Orb.
     0 | D:1      | Reached XP level 1. HP: 14/14 MP: 1/1
   287 | D:1      | Reached XP level 2. HP: 14/19 MP: 2/2
  1188 | D:2      | Reached XP level 3. HP: 23/24 MP: 3/3
  1204 | D:2      | Reached XP level 4. HP: 29/29 MP: 4/4
  1547 | D:1      | Reached XP level 5. HP: 19/34 MP: 5/5
  1684 | D:2      | HP: 1/34 [wight/+4 trident of freezing (4)]
  1684 | D:2      | Slain by a wight

Illustrated notes

Levels and vault maps discovered:
D:1:      psy_arrival_radial02, layout_basic, minmay_tripent
D:2:      layout_loops_ring

Skill      XL: |  1  2  3  4 |
---------------+-------------+-----
Maces & Flails | 3 4 |  4.2
Fighting       | 4 |  4.4
Armour         | |  3.2
Shields        | |  3.2

Action                   |  1- 3 |  4- 6 || total
-------------------------+-------+-------++-------
Melee: Flail             |    73 |    33 ||   106
  Use: Scroll            |     1 |       ||     1
Armor: Scale mail        |    57 |    31 ||    88
Dodge: Dodged            |    22 |    14 ||    36
Block: Kite shield       |    37 |    23 ||    60
